Cogmind - Beta 11.1 @@@ ROGUE MODE // 2022.10.18 @ 19:52:54 Player: arcadio Result: Destroyed by X-62 Marksman with Pulse Rifle Performance ------------- Evolutions (2) 1000 Regions Visited (4) 800 Robots Destroyed (64) 320 Value Destroyed (1583) 1583 Prototype IDs (4) 80 Alien Tech Used (0) 0 Bonus (11) 11 TOTAL SCORE: 3794 Bonus ------- High Alert Combat Kills 11 Cogmind --------- Core Integrity 0/550 Matter 155/300 Energy 99/100 System Corruption 0% Temperature Cool (9) Movement Core (50) Location -8/Materials Parts ------- > --- POWER (1) -------- (None) > --- PROPULSION (4) --- (None) > --- UTILITY (4) ------ (None) > --- WEAPON (2) ------- (None) > --- INVENTORY (5) ---- Hardened Medium Armor Plating Authchip [R/Combat] Backup Laser I Heavy Laser Minigun Peak State ------------ > --- POWER ------------ Backup Power I > --- PROPULSION ------- Advanced Treads Aluminum Leg Aluminum Leg VSS Leg > --- UTILITY ---------- Improved Heat Sink Large Storage Unit Target Analyzer Hacking Suite > --- WEAPON ----------- Heavy Laser Minigun > --- INVENTORY -------- Airjet Cesium-ion Thruster Seismic Detector Hardened Medium Armor Plating Authchip [R/Combat] Backup Laser I Pulse Rifle Assault Cannon Mining Laser [Rating: 28] Favorites ----------- Power Ion Engine Engine Ion Engine Power Core Light Nuclear Core Propulsion Aluminum Leg Treads Advanced Treads Leg Aluminum Leg Flight Unit Cesium-ion Thruster Utility Hacking Suite Device Improved Heat Sink Storage Medium Storage Unit Processor Target Analyzer Hackware Hacking Suite Weapon Heavy Assault Rifle Energy Gun Heavy Laser Ballistic Gun Heavy Assault Rifle Ballistic Cannon Assault Cannon Launcher Grenade Launcher Special Weapon Remote Datajack Impact Weapon Power Maul Build | -11 -10 -10 -9 -8 ------- Run | Scr Mat Min Mat Mat Slots Evolved 4 | . . . 2 2 Power . | . . . . . Propulsion 2 | . . . 2 . Utility 2 | . . . . 2 Weapon . | . . . . . Parts Attached 71 | 6 17 5 15 28 Power 7 | 1 4 . 1 1 Engine 6 | 1 4 . 1 . Core 1 | . . . . 1 Reactor . | . . . . . Propulsion 23 | 2 2 3 8 8 Treads 4 | . . . . 4 Leg 18 | 2 2 3 8 3 Wheel . | . . . . . Hover . | . . . . . Flight 1 | . . . . 1 Utility 9 | 1 3 . . 5 Device 2 | . 1 . . 1 Storage 3 | 1 1 . . 1 Processor 2 | . . . . 2 Hackware 2 | . 1 . . 1 Protection . | . . . . . Artifact . | . . . . . Weapon 32 | 2 8 2 6 14 Energy Gun 5 | 1 . . . 4 Energy Cannon . | . . . . . Ballistic Gun 13 | 1 6 1 4 1 Ballistic Cannon 2 | . . . . 2 Launcher 3 | . . 1 2 . Special Weapon 8 | . 2 . . 6 Impact Weapon 1 | . . . . 1 Slashing Weapon . | . . . . . Piercing Weapon . | . . . . . Special Melee Weapon . | . . . . . Unidentified Prototypes . | . . . . . Parts Lost 21 | . . . 9 12 Power 3 | . . . 1 2 Propulsion 9 | . . . 5 4 Utility 3 | . . . . 3 Weapon 6 | . . . 3 3 Highest Loss Streak 8 | . . . 8 4 To Critical Strikes . | . . . . . Average Slot Usage (%) 89 | . 98 100 97 58 Engine 10 | . 14 14 10 2 Treads 1 | . . . . 7 Leg 28 | . 28 28 42 10 Device 2 | . 4 . . 4 Storage 11 | . 14 14 11 6 Processor 1 | . . . . 6 Hackware 9 | . 8 14 11 5 Energy Gun 1 | . . . . 7 Ballistic Gun 20 | . 27 28 21 2 Naked Turns 3 | . . . . 3 Heaviest Build 30 | 10 21 21 21 30 Greatest Support 40 | 20 20 20 40 32 Greatest Overweight (x) 4 | . 1 1 4 2 Average Overweight (x) . | . . 1 . . Largest Inventory Capacity 15 | 8 10 10 10 15 Average Capacity 10 | 7 9 10 9 12 Most Carried 10 | 6 10 10 10 10 Average Carried 9 | 3 8 9 9 7 Final Capacity 10 | 8 10 10 5 5 Final Carried 10 | 6 10 10 5 5 Class Distribution -------------------- 63% | Scavenger-Mutant 36% | Mutant Dominant Class ---------------- Mutant | -10/Materials Scavenger-Mutant | -10/Mines Scavenger-Mutant | -9/Materials Mutant | -8/Materials Resources | -11 -10 -10 -9 -8 ----------- Run | Scr Mat Min Mat Mat Matter Collected 1528 | 245 339 203 505 236 Remotely . | . . . . . Salvage Created 1978 | . 520 217 1032 209 Parts 135 | . 31 22 75 7 Haulers Intercepted 6 | . 2 . 4 . Recyclers Shooed . | . . . . . Parts Field Recycled . | . . . . . Retrieved Matter . | . . . . . Parts Self-Destructed . | . . . . . Prevented . | . . . . . Kills | -11 -10 -10 -9 -8 ------- Run | Scr Mat Min Mat Mat Combat Hostiles Destroyed 44 | . 8 7 25 4 Guns 32 | . 8 4 17 3 AOE 12 | . . 3 8 1 Classes Destroyed 9 | . 4 2 3 . Worker 4 | . . 1 3 . Builder 1 | . . . 1 . Tunneler 2 | . . . 1 1 Hauler 6 | . 2 . 4 . Operator 1 | . 1 . . . Watcher 6 | . 2 . 4 . Swarmer 13 | . . 3 10 . Grunt 26 | . 8 4 11 3 Sentry 5 | . . . 4 1 Best Kill Streak 10 | . 4 4 10 1 Combat Bots Only 5 | . 4 3 5 1 Max Kills in Single Turn 4 | . 1 4 3 1 Gunslinging . | . . . . . Exploded 3 | . . 3 3 1 Melee . | . . . . . Uniques/NPCs Destroyed . | . . . . . Combat | -11 -10 -10 -9 -8 -------- Run | Scr Mat Min Mat Mat Damage Taken 3451 | . 227 237 1633 1354 Core 1036 | . 21 54 394 567 Absorbed by Shields . | . . . . . Regen/Repaired (Parts) 358 | . . . 358 . Core Remaining (%) 57 | 100 . 70 1 . Volleys Fired 166 | . 40 16 77 33 Largest 2 | . 2 2 2 2 Hottest 138 | . 100 53 53 138 Shots Fired 298 | . 74 32 145 47 Gun 268 | . 68 31 139 30 Cannon 10 | . . . . 10 Launcher 7 | . . 1 6 . Special 13 | . 6 . . 7 Kinetic 258 | . 68 31 139 20 Thermal 33 | . 6 . . 27 Explosive 7 | . . 1 6 . Electromagnetic . | . . . . . Robot Hit Streak 9 | . 6 6 9 9 Robot Miss Streak 7 | . 4 1 7 2 Penetration Max . | . . . . . Secondary Targets 3 | . . . 3 . Max Gunslinging Chain 1 | . . . 1 . Shots Hit Robots 165 | . 37 23 82 23 Core Hits 92 | . 20 12 51 9 Critical Kills . | . . . . . Critical Parts Destroyed 2 | . . . . 2 Critical Strikes 4 | . . . . 4 Burn 2 | . . . . 2 Destroy 2 | . . . . 2 Melee Attacks . | . . . . . Impact . | . . . . . Slashing . | . . . . . Piercing . | . . . . . Sneak Attacks . | . . . . . Combat Hostiles . | . . . . . Follow-up Attacks . | . . . . . Damage Inflicted 3921 | . 566 470 2274 611 Guns 2650 | . 566 357 1294 433 Cannons 74 | . . . . 74 Explosions 1191 | . . 113 980 98 Melee . | . . . . . Ramming 6 | . . . . 6 Kinetic 2356 | . 566 357 1294 139 Thermal 416 | . . . 48 368 Explosive 1143 | . . 113 932 98 Electromagnetic . | . . . . . Impact . | . . . . . Slashing . | . . . . . Piercing . | . . . . . Highest Corruption . | . . . . . Average Corruption . | . . . . . Corruption Purged . | . . . . . Corruption Blocked . | . . . . . Overload Shots . | . . . . . Overflow Damage 77 | . . . 77 . Projectiles . | . . . . . Explosions 77 | . . . 77 . Melee . | . . . . . Knockbacks 1 | . . . . 1 Impact . | . . . . . Kinetic 1 | . . . . 1 Secondary . | . . . . . Self-Inflicted Damage 105 | . . . 56 49 Shots 4 | . . . 3 1 Rammed 1 | . . . . 1 Targets Rammed 2 | . . . . 2 Kicked 1 | . . . . 1 Crushed . | . . . . . Highest Temperature 80 | . 80 4 10 59 Average Temperature 14 | . 21 3 2 16 Received Heat Transfer 1251 | . 129 120 606 396 Siege Activations . | . . . . . Robots Corrupted . | . . . . . Combat Hostiles . | . . . . . Parts Fried . | . . . . . Impact Corruptions . | . . . . . Robots Melted . | . . . . . Combat Hostiles . | . . . . . Parts Melted 1 | . . . . 1 Heat Transferred 914 | . . . 100 814 Parts Sabotaged . | . . . . . Parts Stolen . | . . . . . Parts Stripped . | . . . . . Power Chain Reactions . | . . . . . Missiles Intercepted . | . . . . . Alert | -11 -10 -10 -9 -8 ------- Run | Scr Mat Min Mat Mat Peak Influence 566 | . 191 188 566 278 Initial 238 | . . 12 19 238 Average 134 | . 55 51 252 158 Maximum Alert Level 2 | . . . 2 1 Low Security (%) 64 | 100 100 100 13 58 Level 1 34 | . . . 85 41 Level 2 . | . . . 1 . Level 3 . | . . . . . Level 4 . | . . . . . Level 5 . | . . . . . High Security . | . . . . . Max Security . | . . . . . Squads Dispatched 8 | . . . 3 5 Investigation 2 | . . . 1 1 Extermination . | . . . . . Reinforcement 6 | . . . 2 4 Assault . | . . . . . Garrison . | . . . . . Intercept . | . . . . . Searches Triggered . | . . . . . Construction Impeded . | . . . . . Haulers Reinforced . | . . . . . Active Scanning Responses . | . . . . . Cargo Convoy Interrupts . | . . . . . Stealth | -11 -10 -10 -9 -8 --------- Run | Scr Mat Min Mat Mat Distress Signals 5 | . 2 . 3 . Communications Jammed . | . . . . . Distress Signals . | . . . . . Times Spotted 79 | . 16 7 34 22 Peak Tracking Total 12 | . 5 3 8 12 Tactical Retreats 4 | . 1 1 . 2 Traps | -11 -10 -10 -9 -8 ------- Run | Scr Mat Min Mat Mat Traps Triggered 5 | . . . 1 4 Indirectly . | . . . . . Trap Hack Attempts . | . . . . . Triggered . | . . . . . Disarmed . | . . . . . Reprogrammed . | . . . . . Reused . | . . . . . Traps Extracted . | . . . . . Installed . | . . . . . Triggered . | . . . . . Machines | -11 -10 -10 -9 -8 ---------- Run | Scr Mat Min Mat Mat Machines Disabled 8 | . . . 6 2 Max in Single Turn 3 | . . . 3 2 Machines Sabotaged . | . . . . . Garrisons Compromised . | . . . . . Overloaded Fab Kills . | . . . . . Hacking | -11 -10 -10 -9 -8 --------- Run | Scr Mat Min Mat Mat Machines Accessed 16 | . 7 . 5 4 Terminals 12 | . 7 . 3 2 Fabricators . | . . . . . Repair Stations 2 | . . . 1 1 Recycling Units . | . . . . . Scanalyzers 2 | . . . 1 1 Garrison Access . | . . . . . Total Hacks 80 | . 27 . 37 16 Successful 58 | . 15 . 30 13 Failed 21 | . 11 . 7 3 Catastrophic 2 | . 1 . . 1 Database Lockouts 1 | . 1 . . . Manual 40 | . 24 . 9 7 Terminals 44 | . 27 . 10 7 Fabricators . | . . . . . Repair Stations 13 | . . . 12 1 Recycling Units . | . . . . . Scanalyzers 23 | . . . 15 8 Garrison Access . | . . . . . Terminal Hacks 13 | . 10 . 1 2 Robot Analysis 2 | . 1 . . 1 Prototype ID Bank 3 | . 2 . 1 . Emergency Access Points 1 | . 1 . . . Terminal Index 1 | . 1 . . . Alert Level 2 | . 1 . . 1 Locate Traps 2 | . 2 . . . Dispatch Records 1 | . 1 . . . Transport Status 1 | . 1 . . . Fabricator Hacks . | . . . . . Repair Station Hacks 11 | . . . 10 1 Scan Component 5 | . . . 5 . Repair 5 | . . . 5 . Refit 1 | . . . . 1 Recycling Unit Hacks . | . . . . . Scanalyzer 23 | . . . 15 8 Insert Component 10 | . . . 7 3 Analyze 13 | . . . 8 5 Garrison Access Hacks . | . . . . . Unauthorized Hacks 11 | . 5 . 4 2 Terminals 11 | . 5 . 4 2 Assimilate 2 | . 1 . . 1 Botnet 7 | . 3 . 3 1 Operators 2 | . 1 . 1 . Fabricators . | . . . . . Repair Stations . | . . . . . Recycling Units . | . . . . . Scanalyzers . | . . . . . Garrison Access . | . . . . . Data Cores Recovered 1 | . 1 . . . Used . | . . . . . Hacking Detections 15 | . 8 . 4 3 Full Trace Events 1 | . . . . 1 Feedback Events . | . . . . . Feedback Blocked . | . . . . . Robot Schematics Acquired . | . . . . . Robots Built . | . . . . . Authchips . | . . . . . Time . | . . . . . Total Robot Build Rating . | . . . . . Part Schematics Acquired 10 | . . . 7 3 Parts Built . | . . . . . Authchips . | . . . . . Time . | . . . . . Total Part Build Rating . | . . . . . Parts Repaired 5 | . . . 5 . Time 136 | . . . 136 . Parts Recycled . | . . . . . Recycled Matter . | . . . . . Retrieved Matter . | . . . . . Retrieved Components . | . . . . . Parts Scanalyzed 10 | . . . 7 3 Part Schematics Acquired 10 | . . . 7 3 Parts Damaged 1 | . . . . 1 Bothacking | -11 -10 -10 -9 -8 ------------ Run | Scr Mat Min Mat Mat Used RIF Installer . | . . . . . Robots Hacked . | . . . . . Non-combat . | . . . . . Combat . | . . . . . Robot Hacks Applied . | . . . . . Relay Couplers Released . | . . . . . Fabnet Peak Effective % . | . . . . . Robots Rewired . | . . . . . Allies Hacked . | . . . . . Hacks Repelled . | . . . . . Allies | -11 -10 -10 -9 -8 -------- Run | Scr Mat Min Mat Mat Total Allies 1 | . 1 . . . Largest Group 1 | . 1 1 1 . Highest-Rated Group 10 | . 10 10 10 . Highest-Rated Ally 10 | . 10 10 10 . Total Orders . | . . . . . Ally Attacks . | . . . . . Total Damage . | . . . . . Kills . | . . . . . Allies Corrupted . | . . . . . Allies Melted . | . . . . . Intel | -11 -10 -10 -9 -8 ------- Run | Scr Mat Min Mat Mat Robot Analysis Total 2 | . 1 . . 1 Derelict Logs Recovered 2 | . . 2 . . Drone Launches . | . . . . . Drone Recoveries . | . . . . . Exploration | -11 -10 -10 -9 -8 ------------- Run | Scr Mat Min Mat Mat Turns Passed 4555 | 75 1120 1025 1377 958 Spaces Moved 2414 | 52 615 507 760 480 Core 74 | 3 . . 13 58 Treads 192 | . . . . 192 Legs 2095 | 49 615 507 747 177 Wheels . | . . . . . Hover . | . . . . . Flight 53 | . . . . 53 Fastest Speed 35 | 50 120 190 50 35 Average Speed 146 | 115 146 190 119 144 Slowest Speed 250 | 120 190 190 250 225 Overloaded Moves . | . . . . . Propulsion Burnouts . | . . . . . Robots Hopped 5 | . . . . 5 Cave-ins Triggered . | . . . . . Exploration Rate (%) 47 | 5 71 96 43 23 Regions Visited 4 Branch Regions 1 Pre-discovered Areas 1 | . . 1 . . Known Exits Taken . | . . . . . Unknown Exits Taken 4 | 1 1 1 1 . Scrap Searched 1 | . . 1 . . Spaces Dug 11 | . 5 . . 6 Terrain Destroyed 158 | . 5 7 93 53 Melee . | . . . . . Projectile 11 | . 5 . . 6 AOE 147 | . . 7 93 47 Terrain Rammed . | . . . . . Walls Destroyed . | . . . . . Machines Disabled . | . . . . . Actions | -11 -10 -10 -9 -8 --------- Run | Scr Mat Min Mat Mat Total 3110 | 63 756 538 1083 670 Wait 392 | . 49 6 217 120 Move 2402 | 51 614 506 759 472 Hop 3 | . . . . 3 Pick Up 35 | 6 13 1 7 8 Fast Attach 33 | 6 5 . 2 20 Attach 10 | . 1 . 4 5 Detach 4 | . 3 . . 1 Swap 28 | . 11 5 9 3 Drop 35 | . 20 4 8 3 Fire 166 | . 40 16 77 33 Melee . | . . . . . Ram 1 | . . . . 1 Kick 1 | . . . . 1 Crush . | . . . . . Escape Stasis . | . . . . . Rewire . | . . . . . Trap . | . . . . . Miscellaneous . | . . . . . Route ------- -11/Scrapyard -10/Materials (discovered 4 exits: *Mat x2 / [*Min x2]) -10/Mines (discovered 2 exits: *Mat x2) -9/Materials (discovered 2 exits: *Mat / [*Min]) -8/Materials History --------- Turn | Location | Event 2 | -11/Scrapyard | Met Revision 17 6 | -11/Scrapyard | Discovered new exit (range 16) 76 | -11/Scrapyard | Entered Materials 312 | -10/Materials | Build established: Mutant 542 | -10/Materials | Discovered new exit (range 12) 544 | -10/Materials | Central database locked down 612 | -10/Materials | Discovered new exit (range 16) 950 | -10/Materials | Discovered new exit (range 6) 997 | -10/Materials | Build established: Scavenger-Mutant 1078 | -10/Materials | Discovered new exit (range 6) 1196 | -10/Materials | Entered Mines 1196 | -10/Mines | Accompanied by 1 ally 1326 | -10/Mines | Discovered new exit (range 14) 1392 | -10/Mines | Discovered new exit (range 7) 1423 | -10/Mines | Learned 4 Materials zone layouts 2221 | -10/Mines | Entered Materials 2221 | -9/Materials | Accompanied by 1 ally 2221 | -9/Materials | Evolved 2 slots: Propulsion x2 2638 | -9/Materials | Repaired Aluminum Leg 2672 | -9/Materials | Repaired Hvy. Assault Rifle 2699 | -9/Materials | Repaired Aluminum Leg 2727 | -9/Materials | Repaired Aluminum Leg 2754 | -9/Materials | Repaired Aluminum Leg 3306 | -9/Materials | Discovered new exit (range 11) 3559 | -9/Materials | Core integrity fell below 50% 3574 | -9/Materials | Discovered new exit (range 16) 3588 | -9/Materials | Core integrity fell below 20% 3598 | -9/Materials | Entered another Materials area 3598 | -8/Materials | Evolved 2 slots: Utility x2 3618 | -8/Materials | Lost 8 parts (1p4n3w) 3859 | -8/Materials | Build established: Mutant 4418 | -8/Materials | Lost 3 parts (2n1u) 4514 | -8/Materials | Lost 3 parts (1p1n1u) 4529 | -8/Materials | Core integrity fell below 50% 4551 | -8/Materials | Core integrity fell below 20% 4556 | -8/Materials | Destroyed by X-62 Marksman with Pulse Rifle Last Messages --------------- 04541_ U-05 Engineer lays Concrete. 04542_ Acquired 5 matter. 04542_ U-05 Engineer builds a Wall. 04542_ U-05 Engineer lays Concrete. 04543_ The unstable cave ceiling collapses. 04543_ Acquired 34 matter. 04543_ U-05 Engineer lays Concrete. 04543_ K-01 Serf collects debris. 04545_ Acquired 31 matter. 04545_ U-05 Engineer lays Concrete. 04547_ Lgt. Nuclear Core destroyed. 04547_ Knocked back. 04548_ Acquired 2 matter. 04549_ Knocked back. 04550_ Penetrated by Slug. 04551_ Critical hit (Burn: +37). 04553_ Slug penetrates Door. 04554_ Cesium-ion Thruster destroyed. 04555_ Target Analyzer destroyed. 04556_ Penetrated by Slug. Map ----- +----------------------------------------------------+ | ???????????????????????????????????????????## / | | ???????????????????????????????????????????? = | | ????????????????????????????????????????????? """ | | ??????????????????????????????????????????????"""" | | ??????????????????????????????????????????????"""" | | ????????????????????????????????????????????# """" | | ????????????????????????????????????????????# """ | | ????????????????????????????????????????????# | | ????????????????????????????????????????????# | | ????????????????????????????????????????????###### | | ?????????????????????????????????????????????????# | | ?????????????????????????????????????????????????# | | ????????????????????????????????# ???????????????# | | ????????????????????????????????# #??????????????# | | ????????????????????????????????# #??????????????# | | ????????????????????????????????# #??????????????# | | ???????????????????????????????## #####??????????# | | ???????????????????????????????# ???????????# | | ???????????????????????????????# ????????????? | | ???????????????????????????????# ?????????????? | | ???????????????????????????????# #?????????????? | | ???????????????????????????????# #?????????????? | | ???????????????????????????????# #?????????????? | | ????????????????????# ????????## ##????????????? | | ????????????????????+ ####### #????????????? | | ????????????????????# @ x############## | | ????????????????????# as xa H% | | ????????????????????# ss s !#######+###### | | ????????????????????# ####### #????# ## | | ????????????????????# ???######;######## """## | | ????????????????????# ????# ## """## | | ????????????????????# ????# ## """# | | ???????????????????? ?????# " """"" ## # | | ???????????????????## ?????# """"""""" ## # | | ????????????????????#??????# """ """ ########## | | ???????????????????????????##############???????# | | ????????????????????????????????????????????????## | | ?????????????????????????????????????????????????# | | ?????????????????????????????????????????????????# | | ?????????????????????????????????????????????????? | | ?????????????????????????????????????????????????? | | ?????????????????????????????????????????????????? | | ?????????????????????????????????????????????????? | | ?????????????????????????????????????????????????? | | ?????????????????????????????????????????????????? | | ?????????????????????????????????????????????????? | | ?????????????????????????????????????????????????? | | ?????????????????????????????????????????????????? | | ?????????????????????????????????????????????????? | | ?????????????????????????????????????????????????? | +----------------------------------------------------+ Best States ------------- Heat Dissipation 45 Energy Generation 14 Energy Capacity 280 Matter Stores 300 Matter Capacity 300 Sight Range 16 Terrain Scan Density 10 Evasion (%) 63 Target Analysis 5 Recoil Reduction 1 Offensive Hacking 10 Authchip Count 1 Item Schematics ----------------- Imp. Signal Interpreter | -9/Materials | Scanalyzed Cesium-ion Thruster | -9/Materials | Scanalyzed Imp. Heat Sink | -9/Materials | Scanalyzed Grenade Launcher | -9/Materials | Scanalyzed Imp. EM Shotgun | -9/Materials | Scanalyzed Aluminum Leg | -9/Materials | Scanalyzed Cld. Ion Engine | -9/Materials | Scanalyzed Hrd. Medium Armor Plating | -8/Materials | Scanalyzed Mining Laser | -8/Materials | Scanalyzed Airjet | -8/Materials | Scanalyzed Robot Schematics ------------------ None Fabricated ------------ Nothing Alien Tech Used ----------------- None Achievements -------------- None Challenges ------------ None Game ------ Seed CentriumBurstPenetrator Manual? 0 Play Time 01:02:05 Cumulative 49.2 hours Start 2022.10.18 @ 18:48:40 End 2022.10.18 @ 19:52:54 Sessions 1 Manual Loads 0 Difficulty Rogue Special Mode None Game No. 43 Rogue 43 Adventurer 0 Explorer 0 Win Type - Total 0 Types 0/0/0/0/0/0/0/0/0 Lore% 29 Gallery% 37 Achievement% 30 Wizard Run 0 Options --------- ASCII 0 Keyboard 1 Movement Numpad Keybinds 0 Fullscreen 2 Font 18/SmallcapsGlow Map View 76x50 Tactical HUD 1 Map Filters NONE Filters NONE Steam 1 RUN: 4c64eae6-0256-4086-a14f-3c6fdbdbef90